 Dungeon Crawl Stone Soup version 0.16.0-11-gd45b091 (webtiles) character file.

11 RobertPalmer the Chiller (level 2, 0/17 HPs)
             Began as an Octopode Ice Elementalist on Mar 17, 2015.
             Slain by a jackal (3 damage)
             ... on level 1 of the Dungeon.
             The game lasted 00:00:54 (522 turns).

RobertPalmer the Chiller (Octopode Ice Elementalist) Turns: 522, Time: 00:00:54

Health: 0/17       AC:  1    Str:  7    XL:     2   Next: 25%
Magic:  0/4        EV: 12    Int: 17    God:
Gold:   6          SH:  0    Dex: 12    Spells: 1 memorised, 4 levels left

rFire  . . .     SeeInvis .     g - +0 short sword
rCold  . . .     Clarity  .     (no shield)
rNeg   . . .     SustAb   .     (helmet restricted)
rPois  .         Gourm    .     (no amulet)
rElec  .         Spirit   .     (no ring)
rCorr  .         Warding  .     (no ring)
rMut   .         Stasis   .     (no ring)
MR     .....                    (no ring)
Stlth  +++.......               (no ring)
                                (no ring)
                                (no ring)
                                (no ring)

@: not resistant to hostile enchantments, fairly stealthy
A: almost no armour, amphibious, 8 rings, constrict 8, camouflage 1, gelatinous
body 1
a: no special abilities


You were on level 1 of the Dungeon.
You were not hungry.

You visited 1 branch of the dungeon, and saw 1 of its levels.

You collected 6 gold pieces.

Inventory:

Hand weapons
 g - a +0 short sword (weapon)
   (You took it off a kobold on level 1 of the Dungeon)
Jewellery
 d - an uncursed amulet of stasis {unknown}
   (You found it on level 1 of the Dungeon)
Scrolls
 a - a scroll of fog {unknown}
 i - a scroll of enchant weapon {unknown}
Potions
 e - a potion of haste {unknown}
 f - 2 potions of brilliance {unknown}
Books
 b - a book of Frost
Comestibles
 c - a bread ration
 h - a chunk of flesh


   Skills:
 - Level 2.0 Dodging
 - Level 2.6 Stealth
 - Level 2.0 Spellcasting
   Level 1.0 Conjurations
 + Level 3.6 Ice Magic


You had 4 spell levels left.
You knew the following spells:

 Your Spells              Type           Power        Failure   Level  Hunger
a - Freeze                Ice            ##..         4%          1    #......


Dungeon Overview and Level Annotations

Branches:
Dungeon (1/15)

Altars:


Innate Abilities, Weirdness & Mutations

You cannot wear most types of armour.
You are amphibious.
You can wear up to eight rings at the same time.
You can use your tentacles to constrict many enemies at once.
Your skin changes colour to match your surroundings (Stealth).
Your rubbery body absorbs attacks (AC +1).


Message History

You hit the hobgoblin but do no damage. Your grab misses the hobgoblin.
Your squeeze misses the hobgoblin.
The hobgoblin hits you but does no damage.
You barely miss the hobgoblin. Your grab misses the hobgoblin.
The hobgoblin hits you with a club.
You hit the hobgoblin!
You kill the hobgoblin!
No target in view!
No target in view!
Things that are here:
a club; a hobgoblin corpse
There is a stone staircase leading down here.
HP restored.
You open the large door.
A rat comes into view.
A rat is nearby!
A rat is nearby!
A rat is nearby!
A rat is nearby!
A rat is nearby!
There is a large open door here.
There is a large open door here.
You hit the rat.
You kill the rat!
You have reached level 2!
You see here a rat corpse.
You butcher the rat corpse.
h - a chunk of flesh
i - a scroll labeled YGYALY HEBI You open the door.
A hobgoblin comes into view. It is wielding a club.
The hobgoblin shouts!
The hobgoblin moves out of view.
The hobgoblin misses you.
The hobgoblin is too close now for your liking.
A hobgoblin is nearby!
A hobgoblin is nearby!
A hobgoblin is nearby!
You hit the hobgoblin!
You kill the hobgoblin!
No target in view!
No target in view!
No target in view!
You see here a club.
A jackal comes into view.
A jackal is nearby!
A jackal is nearby!
A jackal is nearby!
A jackal is nearby!
A jackal is nearby!
A jackal comes into view.
The jackal barks!
You see here 18 stones.
The jackal bites you.
A jackal comes into view.
You barely miss the jackal.
The jackal barks! x2
Your grab misses the jackal. Your squeeze misses the jackal.
The jackal bites you.
You hit the jackal but do no damage. Your grab misses the jackal.
The jackal bites you. x2
The jackal barely misses you.
You are too injured to fight recklessly!
The jackal bites you. x2
You see here 18 stones.
The jackal misses you.
Casting: Freeze
Confirm with . or Enter, or press ? or * to list all spells.
Aiming: Freeze
Press: ? - help, Shift-Dir - straight line, f - jackal
Aim: a jackal You freeze the jackal.
You kill the jackal!
Casting: Freeze
Confirm with . or Enter, or press ? or * to list all spells.
Aiming: Freeze
Press: ? - help, Shift-Dir - straight line, f - jackal
Aim: a jackal You freeze the jackal.
The jackal is moderately wounded.
The jackal bites you.
* * * LOW HITPOINT WARNING * * *
Casting: Freeze
Confirm with . or Enter, or press ? or * to list all spells.
Aiming: Freeze
Press: ? - help, Shift-Dir - straight line, f/p - jackal
Aim: a jackal (moderately wounded)
You freeze the jackal.
You kill the jackal!
Casting: Freeze
Confirm with . or Enter, or press ? or * to list all spells.
Aiming: Freeze
Press: ? - help, Shift-Dir - straight line, f - jackal
Aim: a jackal You freeze the jackal.
The jackal is moderately wounded.
The jackal bites you.
* * * LOW HITPOINT WARNING * * *
The jackal bites you.
You die...

###.#.#.#.######....÷
#.#.#.#.# #..... #.#.#.#.#
#..... #.#.#.#.# #.....
#.##+# #.#.#.#.# #.....
...... #.#.#.#.# #.....
......###.#.#.#.# #.....
.........†.#.#.#.######.....
.........#h@...#.##......##.
........h#.....#.##......#..
######...#.#.#.#.##......#..
#...#.....#.##......#..
#)..#.....#.######'###.
#...#.#.#.#.######'###.
#...#.....#..........#.
#...#.....#..........#.
....#.#.#.#..........#.


You could see a jackal.

Vanquished Creatures
  A goblin (D:1)
  3 hobgoblins (D:1)
  2 jackals (D:1)
  3 kobolds (D:1)
  A rat (D:1)
10 creatures vanquished.

Notes
Turn   | Place    | Note
--------------------------------------------------------------
     0 | D:1      | RobertPalmer, the Octopode Ice Elementalist, began the quest for the Orb.
     0 | D:1      | Reached XP level 1. HP: 11/11 MP: 3/3
   426 | D:1      | Reached XP level 2. HP: 17/17 MP: 4/4
   519 | D:1      | HP: 4/17 [jackal (2)]
   522 | D:1      | Slain by a jackal

Action                   || total
-------------------------++-------
Melee: Short sword       ||    10
 Cast: Freeze            ||    11

Vault maps used:
D:1:      minmay_arrival_wavy_path, columned_hall_lemuel

Table legend:
 A = Turns spent in this place as a percentage of turns spent in the entire game.
 B = Non-inter-level travel turns spent in this place as a percentage of non-inter-level travel turns spent in the entire game.
 C = Inter-level travel turns spent in this place as a percentage of turns spent in this place.
 D = Turns resting spent in this place as a percentage of non-inter-level travel turns spent in this place.
 E = Turns spent auto-exploring this place as a percentage of non-inter-level travel turns spent in this place.
 F = Non-inter-level travel turns spent in this place divided by the number of levels of this place that you've seen.
                   A       B       C       D       E      F
               +-------+-------+-------+-------+-------+----------------------
         Total | 100.0 | 100.0 |   0.0 |   3.2 |   8.3 | 156.0
       Dungeon | 100.0 | 100.0 |   0.0 |   3.2 |   8.3 | 156.0
               +-------+-------+-------+-------+-------+----------------------

Table legend:
 A = Kills in this place as a percentage of kills in entire the game.
 B = Kills by you in this place as a percentage of kills by you in the entire game.
 C = Kills by friends in this place as a percentage of kills by friends in the entire game.
 D = Other kills in this place as a percentage of other kills in the entire game.
 E = Experience gained in this place as a percentage of experience gained in the entire game.
 F = Experience gained in this place divided by the number of levels of this place that you have seen.
                   A       B       C       D       E      F
               +-------+-------+-------+-------+-------+----------------------
         Total | 100.0 | 100.0 |  -nan |  -nan | 100.0 |  16.0
       Dungeon | 100.0 | 100.0 |  -nan |  -nan | 100.0 |  16.0
               +-------+-------+-------+-------+-------+----------------------
